 Dungeon Crawl Stone Soup version 0.31.0-11-ge490571c62 (webtiles) character file.

Game seed: 3863544062405425074

139 olmar the Digger (level 5, -2/28 HPs)
             Began as a Gargoyle Earth Elementalist on Jan 28, 2024.
             Slain by an ogre
             ... wielding a +0 giant club
              (30 damage)
             ... on level 4 of the Dungeon.
             The game lasted 00:03:39 (3341 turns).

olmar the Digger (Gargoyle Earth Elementalist)      Turns: 3341, Time: 00:03:39

Health: -2/28      AC:  8    Str: 11    XL:     5   Next: 22%
Magic:  5/10       EV: 11    Int: 18    God:
Gold:   136        SH:  0    Dex: 10    Spells: 4/11 levels left

rFire   . . .        m - +2 dagger (drain)
rCold   + . .        (no shield)
rNeg    + . .        i - +1 leather armour {rC+}
rPois   ∞            (no helmet)
rElec   +            (no cloak)
rCorr   .            (no gloves)
SInv    .            (no boots)
Will    .....        q - amulet of regeneration
Stlth   ++           g - ring of flight
HPRegen 1.04/turn    j - ring of wizardry
MPRegen 0.12/turn

%: wizardry (x1)
@: flying
A: sickness immunity, AC +4, negative energy resistance 1, electricity
resistance, torment resistance 1, petrification resistance
a: no special abilities


You were on level 4 of the Dungeon.
You visited 1 branch of the dungeon, and saw 4 of its levels.

You collected 136 gold pieces.

Inventory:

Hand Weapons
 c - a +0 dagger of distortion
 l - a +2 dagger of protection
 m - a +2 dagger of draining (weapon)
Armour
 a - a +0 robe
 h - a +0 helmet
 i - a +1 leather armour of cold resistance (worn)
 p - an orb of mayhem
Jewellery
 g - a ring of flight (left hand)
 j - a ring of wizardry (right hand)
 q - an amulet of regeneration (around neck)
Wands
 r - a wand of charming (8)
Scrolls
 f - a scroll of teleportation
 k - a scroll of fog
 n - a scroll of amnesia {unknown}
 s - a scroll of torment {unknown}
 t - a scroll of identify
Potions
 b - 2 potions of magic
 d - a potion of heal wounds
 e - a potion of brilliance
 o - 3 potions of curing {unknown}


   Skills:
 - Level 1.5 Dodging
 - Level 2.1 Stealth
 + Level 3.5 Spellcasting
 + Level 1.1 Conjurations
 + Level 5.6 Earth Magic


You had 4 spell levels left.
You knew the following spells:

 Your Spells              Type           Power      Damage    Failure   Level
a - Sandblast             Erth           46%        2d11      1%          1
b - Passwall              Erth           23%        N/A       2%          3
c - Stone Arrow           Conj/Erth      30%        3d8       6%          3

Your spell library contained the following spells:

 Spells                   Type           Power      Damage    Failure   Level
 Kiss of Death            Conj/Necr      20%        2d7       6%          1
 Momentum Strike          Conj/Tloc      10%        3d8       10%         2
 Blink                    Tloc           6%         N/A       12%         2
 Lesser Beckoning         Tloc           6%         N/A       12%         2
 Brom's Barrelling Bould  Conj/Erth      15%        2d4       21%         4
 Confusing Touch          Hex            3%         N/A       24%         3
 Frozen Ramparts          Ice            6%         1d1       24%         3
 Leda's Liquefaction      Alch/Erth      6%         N/A       26%         4
 Petrify                  Alch/Erth      13%        N/A       26%         4
 Dispel Undead            Necr           3%         3d7       58%         4
 Metabolic Englaciation   Hex/Ice        1%         N/A       89%         5


Dungeon Overview and Level Annotations

Branches:
Dungeon (4/15)
 Temple: D:4-7

Altars:
Okawaru
Vehumet


Innate Abilities, Weirdness & Mutations

You are immune to sickness and miasma.
Your stone body is resilient. (AC +4)
You are immune to poison.
You resist negative energy. (rN+)
You are resistant to electric shocks. (rElec)
You are resistant to unholy torment.
You are immune to petrification.


Message History

You can't see any susceptible monsters within range! (Use Z to cast anyway.) Done exploring.
Done exploring.
Done exploring.
Done exploring.
You can't see any susceptible monsters within range! (Use Z to cast anyway.)
You can't see any susceptible monsters within range! (Use Z to cast anyway.) Unknown command.
There is a stone staircase leading down here.
You fly downwards.
There is a stone staircase leading up here.
Key pressed, stopping travel.
Unknown command.
Unknown command.
There is a stone staircase leading up here.
t - a scroll of identify An ogre comes into view.
It is wielding a +0 giant club.
The ogre shouts!
The ogre moves out of view.
An ogre is nearby!
An ogre is nearby!
Casting: Sandblast (safe; 1% risk of failure)
Confirm with . or Enter, or press ? or * to list all spells.
Okay, then.
Casting: Sandblast (safe; 1% risk of failure)
Confirm with . or Enter, or press ? or * to list all spells.
Okay, then.
Casting: Sandblast (safe; 1% risk of failure)
Confirm with . or Enter, or press ? or * to list all spells.
Aiming: Stone Arrow (quite dangerous; 6% risk of failure)
Press: ? - help, Shift-Dir - straight line, f - ogre
Aim: an ogre, wielding a +0 giant club (85% to hit)
The stone arrow hits the ogre!
The ogre is heavily wounded.
The blast of sand hits the ogre!
The ogre is almost dead.
The blast of sand misses the ogre.
The ogre hits you with a +0 giant club!!
Ouch! That really hurt!
You die...

################
##..........#...#
###..########...###
#....@O.....###.#
#.#########.# #.#
#.# #.....#.###.#
#.###.....#.##..#
#.#.......#O###.#
#.........#.....#.
####......#######.##
####......## #...
#....###### #..#


You could see an ogre.

Vanquished Creatures
  Robin (D:2)
  3 gnolls (D:3)
  2 adders (D:3)
  2 dart slugs
  5 ball pythons
  3 endoplasms
  3 giant cockroaches
  16 goblins
  8 hobgoblins
  6 jackals
  2 quokkas (D:1)
  7 bats
  5 frilled lizards
  6 kobolds
  5 rats
74 creatures vanquished.

Notes
Turn   | Place    | Note
-------+----------+-------------------------------------------
     0 | D:1      | olmar the Gargoyle Earth Elementalist began the quest for
                  | the Orb.
     0 | D:1      | Reached XP level 1. HP: 10/10 MP: 3/3
    88 | D:1      | Reached XP level 2. HP: 15/15 MP: 0/5
   100 | D:1      | Reached skill level 4 in Earth Magic
   290 | D:1      | You fall into a shaft and drop 1 floor!
   323 | D:2      | Found a faded altar of an unknown god.
   517 | D:2      | Reached XP level 3. HP: 17/19 MP: 2/6
   557 | D:2      | Learned a level 3 spell: Passwall
  1758 | D:2      | Reached XP level 4. HP: 24/24 MP: 4/8
  1883 | D:2      | Reached skill level 5 in Earth Magic
  2200 | D:2      | Noticed Robin
  2218 | D:2      | Killed Robin
  2231 | D:2      | Learned a level 3 spell: Stone Arrow
  2577 | D:3      | Found a radiant altar of Vehumet.
  2761 | D:3      | Reached XP level 5. HP: 28/28 MP: 4/10
  2910 | D:3      | Found an iron altar of Okawaru.
  3290 | D:4      | Noticed an ogre
  3341 | D:4      | Slain by an ogre

Illustrated notes

Levels and vault maps discovered:
D:1:      reono_arrival_forest_river, layout_basic
D:2:      layout_basic, ebering_ecumenical_altar_petrified, uniq_robin
D:3:      layout_loops_ring, okawaru_trees_1, nicolae_vehumet_radiance,
          dreamdust_princess_bridge
D:4:      layout_loops_ring, nicolae_hepliaklqana_monster_ancestors,
          serial_co_window_serial, co_window_corner_a, co_window_paths_a,
          co_window_cross_1, co_window_paths_b, co_window_paths_b,
          co_window_corner_a, co_window_of_opportunity_a, co_window_corner_b,
          co_window_corner_cb, co_window_cross_4, co_window_corner_b,
          co_window_of_opportunity_b, co_window_corner_b, co_window_corner_cb,
          co_window_4corner_a, glass_columns_a, glass_columns_a

Skill      XL: |  1  2  3  4 |
---------------+-------------+-----
Earth Magic    | 4 5 |  5.6
Spellcasting   | 3 |  3.5
Dodging        | |  1.5
Stealth        | |  2.1
Conjurations   | |  1.1

Action                     |  1- 3 |  4- 6 || total
---------------------------+-------+-------++-------
  Melee: Unarmed           |    11 |       ||    11
   Cast: Sandblast         |    62 |    37 ||    99
         Stone Arrow       |       |     1 ||     1
    Use: Scroll            |       |     4 ||     4
 Armour: Robe              |    20 |     3 ||    23
         Leather armour    |       |     1 ||     1
  Dodge: Dodged            |    23 |     5 ||    28
